Map: Romanticide LE

Players

AgoElazer (Elazer)

  • Race: Zerg Zerg
  • Spawn Location: 11:00

maru - Winner!

  • Race: Terran Terran
  • Spawn Location: 5:00

Event: TSL 6

VOD

Have the link to the VOD?

Description

Time

  • Played on: Dec. 20, 2020, 12:37 p.m.
  • Length: 16:03

All games in this series

Show
View Real Time Build Order
Export as new Build Order

AgoElazer Zerg 

Build Orders: Hatch First 

Get SALT Encoding   

  12  0:00  Drone  
  13  0:12  Overlord  
  13  0:17  Drone  
  14  0:30  Drone x2  
  16  0:47  Hatchery  
  15  0:50  Drone  
  15  0:54  Drone  
  17  0:57  Drone  
  18  1:08  Extractor  
  17  1:12  Spawning Pool  
  17  1:16  Drone  
  17  1:19  Drone  
  18  1:28  Drone  
  19  1:38  Drone  
  20  1:49  Drone  
  21  1:59  Queen x2  
  21  2:00  Zergling x2  
  26  2:01  Overlord  
  26  2:12  Zergling x2  
  26  2:13  Metabolic Boost  
  27  2:16  Drone  
  28  2:23  Drone x2  
  30  2:33  Hatchery  
  30  2:36  Drone  
  30  2:38  Drone  
  31  2:44  Queen  
  31  2:49  Overlord  
  33  2:52  Drone  
  33  2:55  Drone  
  33  2:57  Drone  
  36  3:06  Overlord  
  36  3:08  Drone  
  36  3:11  Queen  
  36  3:12  Drone  
  40  3:15  Drone x2  
  42  3:21  Queen  
  42  3:26  Drone x2  
  46  3:27  Drone  
  46  3:31  Overlord  
  47  3:40  Zergling x6  
  50  3:44  Drone x2  
  52  3:50  Drone x2  
  52  3:53  Overlord  
  54  3:56  Overlord  
  54  4:00  Queen  
  54  4:01  Queen  
  58  4:05  Overlord  
  58  4:13  Drone x5  
  58  4:15  Drone  
  64  4:19  Baneling Nest, Evolution Chamber  
  64  4:22  Zergling x6  
  65  4:24  Overlord  
  65  4:27  Drone  
  67  4:31  Drone x3  
  67  4:36  Drone x3  
  72  4:38  Spore Crawler  
  72  4:41  Spore Crawler  
  72  4:42  Drone  
  72  4:44  Spore Crawler  
  72  4:45  Drone x2  
  71  4:47  Drone  
  71  4:51  Drone x4  
  77  4:56  Zerg Ground Armor Level 1  
  77  4:59  Zergling x4  
  78  5:05  Overlord  
  77  5:08  Drone x4  
  77  5:13  Overlord, Extractor  
  80  5:15  Extractor  
  80  5:17  Lair  
  79  5:23  Roach Warren, Drone x2  
  79  5:24  Drone x2  
  82  5:29  Drone x4  
  82  5:31  Drone x2  
  82  5:34  Extractor  
  82  5:35  Extractor  
  86  5:37  Zergling x8  
  89  5:43  Overlord  
  89  5:47  Drone x4  
  93  5:55  Zergling x4  
  95  5:59  Overlord  
  95  6:02  Zergling x2, Hatchery  
  95  6:03  Zergling x8  
  97  6:05  Overlord  
  97  6:13  Roach x4  
  97  6:18  Overlord, Glial Reconstitution  
  105  6:20  Roach x2  
  105  6:23  Roach x2  
  112  6:26  Roach  
  112  6:30  Roach x3  
  119  6:35  Roach  
  119  6:36  Overlord  
  121  6:42  Roach x4  
  121  6:46  Overlord  
  129  6:49  Overseer  
  129  6:50  Overlord  
  122  6:54  Roach x4  
  122  7:00  Hatchery  
  122  7:01  Roach  
  114  7:03  Roach x2  
  114  7:07  Roach  
  114  7:08  Roach  
  112  7:11  Roach x2  
  110  7:20  Roach x3  
  116  7:25  Zerg Ground Armor Level 2  
  116  7:26  Roach x3  
  122  7:31  Roach x3  
  122  7:33  Overseer  
  128  7:39  Roach x2  
  128  7:43  Ravager x3  
  134  7:44  Overlord  
  134  7:49  Roach x2  
  138  7:52  Roach x5  
  148  8:06  Roach x7  
  157  8:15  Zergling x2  
  157  8:16  Zergling x4  
  157  8:19  Ravager x2  
  158  8:20  Overlord  
  158  8:21  Drone x3  
  161  8:28  Drone x6  
  167  8:35  Drone x2  
  167  8:42  Overlord  
  167  8:43  Drone x2, Evolution Chamber  
  167  8:44  Extractor, Infestation Pit  
  166  8:53  Zergling x20  
  176  9:01  Zergling x10  
  180  9:08  Overlord  
  179  9:10  Overlord, Hatchery  
  179  9:12  Zergling x10  
  183  9:19  Zergling x4  
  183  9:20  Overlord  
  183  9:24  Hive  
  183  9:28  Centrifical Hooks, Baneling x8  
  183  9:29  Zerg Melee Weapons Level 1  
  183  9:30  Drone x10  
  193  9:32  Extractor  
  193  9:33  Extractor  
  193  9:35  Zergling x4  
  191  9:38  Zergling x2  
  191  9:39  Zergling x4  
  191  9:44  Overlord  
  194  9:46  Zerg Missile Weapons Level 1  
  194  9:53  Zergling x10  
  194  9:59  Overlord  
  199  10:06  Overlord  
  197  10:14  Hatchery  
  197  10:17  Zergling x16  
  197  10:18  Zergling x10  
  197  10:19  Baneling x21  
  185  10:28  Overlord  
  185  10:38  Adrenal Glands  
  185  10:39  Zergling x22  
  185  10:40  Ultralisk Cavern  
  195  10:52  Zergling x8  
  191  10:57  Baneling x3  
  191  10:58  Baneling x11  
  141  11:04  Zergling x28  
  148  11:12  Viper  
  148  11:13  Viper x2  
  148  11:16  Zergling x10  
  162  11:22  Zergling x8  
  166  11:27  Ravager x5  
  166  11:28  Chitinous Plating  
  170  11:34  Ultralisk  
  170  11:42  Zergling x4, Ultralisk  
  174  11:59  Zergling x10, Ultralisk x2  
  170  12:10  Zergling x2  
  170  12:11  Zergling x18  
  165  12:34  Zergling x6, Ultralisk x2  
  149  12:52  Baneling x8  
  149  13:00  Anabolic Synthesis  
  149  13:01  Hatchery  
  149  13:04  Zergling x2, Ultralisk  
  149  13:05  Zergling x12  
  161  13:11  Zerg Melee Weapons Level 2  
  161  13:12  Evolution Chamber  
  161  13:17  Zergling x22  
  167  13:20  Hatchery  
  167  13:24  Overlord x2  
  166  13:29  Extractor  
  166  13:30  Extractor  
  166  13:31  Spore Crawler  
  166  13:32  Zergling x8  
  167  13:45  Hatchery  
  166  13:49  Infestor x2  
  166  13:51  Drone  
  166  13:52  Drone x2  
  166  13:53  Drone x3  
  176  13:57  Baneling x4  
  173  14:19  Infestor x2  
  173  14:22  Zergling x12  
  183  14:26  Baneling x9  
  183  14:28  Drone  
  183  14:29  Overlord  
  183  14:30  Overlord  
  163  15:13  Zergling x28, Hatchery  
  166  15:20  Zergling x28  
  177  15:31  Drone x4  
Show
View Real Time Build Order
Export as new Build Order

maru Terran - Winner!

Build Orders: Liberator Opening 

Get SALT Encoding   

  12  0:00  SCV  
  13  0:12  SCV  
  14  0:17  Supply Depot  
  14  0:24  SCV  
  15  0:38  SCV  
  15  0:40  Barracks  
  16  0:43  Refinery  
  16  0:50  SCV  
  17  1:02  SCV  
  18  1:14  SCV  
  19  1:26  Marine  
  19  1:27  Orbital Command  
  20  1:38  Command Center  
  20  1:50  Factory  
  20  1:53  SCV  
  21  2:03  Barracks Reactor  
  21  2:05  SCV  
  22  2:10  Supply Depot  
  22  2:12  Refinery  
  22  2:18  SCV  
  23  2:32  SCV  
  24  2:38  Starport  
  24  2:41  Marine x2  
  24  2:44  Hellion  
  28  2:45  SCV  
  28  2:50  Orbital Command  
  29  2:58  SCV  
  30  3:01  Marine x2  
  30  3:05  Hellion  
  34  3:10  SCV  
  35  3:15  Medivac  
  35  3:16  SCV  
  35  3:19  Supply Depot  
  38  3:24  Marine  
  38  3:25  Marine  
  40  3:28  SCV x2  
  40  3:30  Factory Tech Lab  
  42  3:40  SCV x2  
  44  3:44  Liberator  
  47  3:52  SCV  
  48  3:57  SCV  
  48  4:00  Command Center  
  49  4:03  Supply Depot  
  49  4:05  Stimpack, Marine  
  49  4:06  SCV  
  51  4:10  SCV  
  52  4:18  SCV  
  52  4:23  Marine  
  54  4:25  Factory Reactor  
  54  4:26  Barracks, SCV  
  54  4:29  Barracks  
  55  4:32  SCV  
  55  4:38  Supply Depot, SCV  
  57  4:40  Starport Reactor  
  57  4:41  Marine  
  58  4:46  Engineering Bay  
  58  4:48  Engineering Bay  
  58  4:53  SCV  
  58  4:54  Refinery, SCV  
  60  5:02  Marine  
  60  5:05  SCV  
  60  5:06  SCV  
  63  5:08  Factory Reactor  
  63  5:14  Marine  
  63  5:15  Orbital Command, Marine  
  63  5:17  Terran Infantry Armor Level 1, Terran Infantry Weapons Level 1, SCV  
  63  5:18  SCV  
  63  5:20  Marine  
  68  5:25  Refinery  
  68  5:26  Medivac x2, Marine x2  
  74  5:29  SCV  
  74  5:31  SCV  
  74  5:34  Supply Depot  
  76  5:38  Orbital Command, Marine x2  
  76  5:41  SCV  
  79  5:43  SCV  
  79  5:47  Combat Shield  
  79  5:48  Widow Mine x2  
  84  5:53  SCV  
  84  5:56  Supply Depot, SCV, Marine x2  
  88  6:00  Supply Depot  
  88  6:05  SCV x2  
  88  6:08  SCV  
  91  6:15  Marine x2  
  91  6:17  SCV, Marine x3  
  91  6:18  Hellion x2  
  101  6:21  SCV  
  101  6:25  SCV  
  103  6:29  Armory, SCV  
  103  6:31  Supply Depot  
  100  6:33  Marine  
  100  6:35  Marine  
  100  6:36  Marine x3  
  100  6:37  SCV  
  106  6:40  Factory  
  106  6:41  SCV x2  
  108  6:50  Medivac, SCV  
  108  6:52  Medivac  
  108  6:53  SCV  
  109  6:54  Factory Tech Lab  
  109  6:55  Command Center  
  109  6:56  SCV  
  109  6:58  Marine x2  
  105  7:02  SCV  
  105  7:05  SCV  
  105  7:07  Refinery  
  105  7:08  Refinery, Marine  
  104  7:13  SCV  
  104  7:14  SCV  
  105  7:17  SCV, Reaper  
  105  7:19  Marine x2  
  105  7:20  Medivac  
  105  7:22  Medivac, Siege Tank  
  116  7:26  Marine  
  116  7:29  Barracks  
  117  7:30  Supply Depot, Barracks Tech Lab, Barracks  
  117  7:45  Terran Infantry Armor Level 2, Terran Infantry Weapons Level 2, Siege Tank, Marine x3  
  117  7:46  Supply Depot  
  117  7:49  Marine  
  117  7:50  Marine  
  125  7:57  SCV  
  125  7:58  SCV x2  
  125  8:02  Marine x3  
  122  8:07  Marine  
  122  8:08  Marine  
  122  8:09  SCV  
  122  8:10  SCV x2  
  119  8:14  Siege Tank  
  119  8:18  Supply Depot, Terran Vehicle Weapons Level 1  
  122  8:20  Siege Tank, Marine x3  
  122  8:21  Barracks Reactor, SCV  
  129  8:28  Marine x3  
  129  8:29  Supply Depot x2, Marauder  
  134  8:38  Marine x2  
  136  8:44  Supply Depot x2  
  136  8:46  Refinery, Siege Tank  
  136  8:47  SCV  
  140  8:49  Missile Turret  
  140  8:52  Marauder, Marine x2  
  140  8:54  Missile Turret  
  143  8:58  Siege Tank  
  143  9:02  Marine x2  
  145  9:06  SCV x2  
  147  9:13  Marine x3  
  147  9:14  Barracks, Marauder  
  147  9:15  Barracks  
  147  9:17  Barracks  
  152  9:21  SCV  
  150  9:24  Missile Turret  
  150  9:29  Siege Tank  
  153  9:33  SCV x3  
  153  9:35  Marauder  
  158  9:39  Siege Tank  
  158  9:40  Supply Depot  
  161  9:54  Marine x8  
  161  9:56  Marauder  
  171  10:01  Supply Depot  
  171  10:02  Siege Tank  
  174  10:11  Barracks Tech Lab x2, Siege Tank  
  174  10:12  Supply Depot, Barracks Tech Lab, Marine x2  
  179  10:19  Command Center  
  179  10:20  Supply Depot  
  179  10:24  Marauder  
  181  10:33  Marine x2  
  181  10:34  Marauder x2  
  181  10:35  Supply Depot  
  187  10:41  Concussive Shells  
  187  10:42  Terran Infantry Weapons Level 3, Siege Tank  
  190  10:43  Siege Tank, Terran Infantry Armor Level 3  
  193  10:58  Medivac x2, Marauder, Marine  
  162  11:05  Marauder x2, Marine x2  
  162  11:10  SCV x2  
  167  11:11  Marine x4  
  167  11:12  Marine x2  
  167  11:14  Siege Tank  
  167  11:16  Unknown, Marine  
  175  11:19  Marine  
  175  11:22  Siege Tank  
  175  11:23  Marine x2  
  181  11:27  Marauder x2  
  185  11:33  Planetary Fortress  
  185  11:35  Marine x2  
  185  11:36  Marauder, Marine x2  
  191  11:40  Marine x2  
  191  11:41  Marauder  
  191  11:43  Marine  
  196  11:50  Medivac x2  
  200  11:55  Command Center  
  200  12:00  Marauder, Marine x4  
  188  12:02  Marauder, Marine  
  188  12:06  Marine x2  
  188  12:07  Marauder  
  193  12:12  Marauder, Marine  
  195  12:20  Medivac  
  195  12:21  Marauder  
  199  12:25  Command Center  
  175  12:30  Medivac  
  160  12:39  Marine  
  160  12:40  Marauder  
  155  12:45  Siege Tank  
  155  12:50  SCV x2  
  155  12:51  Marauder x2, Marine x5  
  160  12:52  Siege Tank  
  160  12:54  Medivac  
  169  12:59  SCV x2  
  169  13:02  SCV  
  169  13:05  Marauder, Marine x2  
  176  13:12  Terran Vehicle Weapons Level 2  
  176  13:16  Supply Depot  
  176  13:17  Siege Tank  
  179  13:20  Supply Depot  
  179  13:24  Siege Tank  
  179  13:26  Marauder x2, Marine  
  179  13:27  Orbital Command, Marauder  
  188  13:39  Factory  
  186  13:47  Marauder, Marine  
  189  13:49  Siege Tank  
  189  13:51  Marauder x2, Marine  
  189  13:53  Ghost Academy  
  189  13:54  Drilling Claws  
  197  13:56  Marine  
  197  13:57  Marauder  
  200  14:21  Planetary Fortress  
  200  14:23  Command Center  
  200  14:41  Factory Reactor  
  200  15:02  Command Center  
  200  15:05  Ghost  
  195  15:09  Ghost  
  195  15:10  Ghost  
  195  15:19  Ghost  
  195  15:20  Marine x4  
  185  15:21  Widow Mine x2, Siege Tank x2  
  187  15:33  Ghost, Refinery  
  187  15:34  Refinery  
  195  15:37  Marine x2  
Tags
 
Add a new tag
Caveats
  • Supply blocks, unpowered buildings, or Contaminate may cause inaccurate times.
  • Supply counts are checked every 10 seconds.